 Dungeon Sprint DCSS version 0.30-a0-845-g7c6808c8ce (webtiles) character file.

Game seed: 14227929020386713012

2 NinjaNoafa the Trooper (level 1, -7/18 HPs)
             Began as a Hill Orc Monk on Mar 2, 2023.
             Was a Priest of Hepliaklqana.
             Mangled by a merfolk
             ... wielding a +0 trident
              (11 damage)
             ... in the Dungeon (Sprint V: "Ziggurat Sprint").
             The game lasted 00:01:59 (105 turns).

NinjaNoafa the Trooper (Hill Orc Monk)               Turns: 105, Time: 00:01:59

Health: -7/18      AC: 25    Str: 19    XL:     1   Next: 40%
Magic:  1/1        EV:  6    Int: 16    God:    Hepliaklqana [***...]
Gold:   0          SH:  0    Dex: 13    Spells: 0/0 levels left

rFire   . . .      SeeInvis .    a - +13 scythe of Curses {drain, curses, Drain}
rCold   . . .      Faith    .    (shield currently unavailable)
rNeg    . . .      Spirit   .    C - +15 Maxwell's patent armour {-Cast -Tele rElec Will+ rCorr}
rPois   .          Reflect  .    (no helmet)
rElec   +          Rampage  .    (no cloak)
rCorr   +          NoTele   +    (no gloves)
Will    +....      NoCast   +    (no boots) Stlth
                                 (no amulet)
HPRegen 0.23/turn                x - +6 ring of strength
MPRegen 0.07/turn                v - +6 ring of intelligence

@: no status effects
A: reduced essence
a: Renounce Religion, Recall Ancestor, Ancestor Identity, Transference


You were in the Dungeon.
You worshipped Hepliaklqana.
Hepliaklqana was most pleased with you.
You visited 1 branch

Inventory:

Hand Weapons
 a - the +13 scythe of Curses (weapon) {drain, curses, Drain}
   (You found it in the Dungeon)

   Drain:     It drains your maximum health when unequipped.
Armour
 C - the +15 Maxwell's patent armour (worn) {-Cast -Tele rElec Will+ rCorr}
   (You found it in the Dungeon)

   rElec:     It insulates you from electricity.
   -Cast:     It prevents spellcasting.
   -Tele:     It prevents most forms of teleportation.
   rCorr:     It protects you from acid and corrosion.
   Will:      It increases your willpower.
Jewellery
 s - a ring of flight
 t - a +6 ring of dexterity
 u - a +6 ring of dexterity
 v - a +6 ring of intelligence (right hand)
 w - a +6 ring of intelligence
 x - a +6 ring of strength (left hand)
 y - a +6 ring of strength
Wands
 z - a wand of mindburst (7)
 A - a wand of light (7)
Scrolls
 i - 4 scrolls of blinking
 o - 4 scrolls of amnesia
 p - 7 scrolls of fog
 q - 5 scrolls of identify
 r - 2 scrolls of fear
Potions
 c - a potion of ambrosia
 d - 10 potions of curing
 e - 10 potions of heal wounds
 f - 6 potions of haste
 g - 7 potions of magic
 h - 3 potions of berserk rage
 j - 2 potions of brilliance
 k - 2 potions of invisibility
 l - 4 potions of resistance
 m - a potion of experience
 n - 5 potions of might
Miscellaneous
 B - a lightning rod (4/4)


   Skills:
 + Level 3.9 Fighting
 + Level 3.5 Polearms
 + Level 1.0 Armour
 - Level 2.4 Dodging
 - Level 1.5 Stealth
 + Level 1.3 Invocations
 + Level 0.9 Evocations


You couldn't memorise any spells.
You didn't know any spells.
Your spell library contained the following spells:

 Spells                   Type           Power      Damage    Failure   Level
 Apportation              Tloc           0%         N/A       100%        1
 Lesser Beckoning         Tloc           0%         N/A       100%        2
 Kindle Blastsparks       Fire/Tloc/Air  0%         2d10      100%        3
 Manifold Assault         Tloc           0%         N/A       100%        4
 Dispersal                Tloc           0%         N/A       100%        6


Dungeon Overview and Level Annotations

Branches:
Dungeon (1/1)

Altars:
Ashenzari
Cheibriados
Dithmenos
Elyvilon
Fedhas
Gozag
Hepliaklqana
Kikubaaqudgha
Makhleb
Nemelex Xobeh
Okawaru
Qazlal
Ru
Sif Muna
Trog
Uskayaw
Vehumet
Wu Jian
Xom
Yredelemnul
Zin
The Shining One
Beogh
Jiyva
Lugonu

Annotations:
D 1 transporter


Message History

Found a transporter.
Unknown command.
You reach to attack!
You slash the jackal!
You kill the jackal!
The jackal bites DAVE.
DAVE blocks the jackal's attack.
DAVE closely misses the jackal.
The jackal bites DAVE but does no damage.
Your Invocations skill increases to level 1!
You reach to attack!
You slash the jackal!
You kill the jackal!
Your Armour skill increases to level 1!
No target in view!
You swap places.
You see here a jackal corpse.
You pick up the Papyrus of the Compass and begin reading...
You add the spells Apportation, Lesser Beckoning, Kindle Blastsparks, Manifold Assault and Dispersal to your library.
You see here a +1 heavy war axe.
There is a transporter here.
Welcome to arena 2.
You enter the transporter and appear at another place. 3 merfolk come into view.
A merfolk is wielding a +2 heavy trident.
The merfolk shouts! x3
You can now swap creatures with your ancestor.
Found three items.
Found a transporter.
Unknown command.
Unknown command.
Unknown command.
DAVE barely misses the merfolk.
You reach to attack!
You slash the merfolk! You drain the merfolk.
The merfolk convulses!
The merfolk is severely wounded.
The merfolk barely misses you.
The merfolk hits you from afar with a +2 heavy trident.
The merfolk hits you from afar with a +0 trident!
Ouch! That really hurt!
* * * LOW HITPOINT WARNING * * *
The merfolk hits you from afar with a +0 trident!
Ouch! That really hurt!
You die...

▓▓▓▓▓▓▓▓▓▓▓▓▓
▓.8©8.▓.8©8.▓
▓.|[=.▓.....▓
▓.....▓...).▓
▓.mmm.▓..†..▓
▓..R..▓.....▓
▓..@..▓..©..▓
▓..©..▓▓▓▓▓▓▓
▓▓▓▓▓▓▓


You could see the friendly DAVE the knight and 3 merfolk.

Vanquished Creatures
  2 jackals (D)
2 creatures vanquished.

Notes
Turn   | Place    | Note
-------+----------+-------------------------------------------
     0 | D        | NinjaNoafa the Hill Orc Monk began the quest for the Orb.
     0 | D        | Reached XP level 1. HP: 19/19 MP: 1/1
     0 | D        | Found a shimmering blue altar of Sif Muna.
     0 | D        | Found a sacrificial altar of Ru.
     0 | D        | Found a bloodstained altar of Trog.
     0 | D        | Found a stormy altar of Qazlal.
     0 | D        | Found an iron altar of Okawaru.
     0 | D        | Found a sparkling altar of Nemelex Xobeh.
     0 | D        | Found a blossoming altar of Fedhas.
     0 | D        | Found the +6 Majin-Bo {spellvamp, MP+6 Int+6}
     0 | D        | Found the +27 heavy crossbow "Sniper" {heavy, Acc+∞ SInv}
     0 | D        | Found the +10 dark maul {heavy}
     0 | D        | Found the +15 Maxwell's patent armour {-Cast -Tele rElec
                  | Will+ rCorr}
     0 | D        | Found the +18 shield of the Gong {Loud rN+ Will+ rCorr
                  | EV-5}
     0 | D        | Found the +16 obsidian axe {drain, demonic, Mesm Drain Fly
                  | SInv}
     0 | D        | Found the +7 great mace "Firestarter" {flame, inner flame,
                  | rFlCloud rF++}
     0 | D        | Found the +6 shillelagh "Devastator" {shatter}
     0 | D        | Found the +11 plutonium sword {Contam Stlth-}
     0 | D        | Found the +8 lance "Wyrmbane" {slay drac, rPois rF+ rC+
                  | AC+3}
     0 | D        | Found the +9 sword of Zonguldrok {reap}
     0 | D        | Found the +13 scythe of Curses {drain, curses, Drain}
     0 | D        | Found the +9 sword of Power {lifebolt}
     0 | D        | Found the +7 mace of Variability {chaos, chain chaos}
     0 | D        | Found the +11 Singing Sword {sonic wave}
     0 | D        | Found the +8 storm bow {elec, penet}
     2 | D        | Found a transporter.
     2 | D        | Found an ancient bone altar of Kikubaaqudgha.
     2 | D        | Found a viscous altar of Jiyva.
     2 | D        | Found a corrupted altar of Lugonu.
     2 | D        | Found a hazy altar of Hepliaklqana.
     2 | D        | Found a burning altar of Makhleb.
     2 | D        | Found an opulent altar of Gozag.
    62 | D        | Became a worshipper of Hepliaklqana the Forgotten
    62 | D        | Reached * piety under Hepliaklqana
    62 | D        | Reached ** piety under Hepliaklqana
    91 | D        | Remembered your ancestor DAVE as a knight
    92 | D        | Entered arena 2.
    92 | D        | Found a transporter.
    94 | D        | Reached skill level 1 in Invocations
    95 | D        | Reached skill level 1 in Armour
    98 | D        | Got the Papyrus of the Compass
   103 | D        | Entered arena 3.
   103 | D        | Noticed a merfolk
   103 | D        | Noticed a merfolk
   103 | D        | Noticed a merfolk
   103 | D        | Reached *** piety under Hepliaklqana
   103 | D        | Found a transporter.
   105 | D        | Mangled by a merfolk

Illustrated notes

Levels and vault maps discovered:
D:        sprint_v [room_start, room_1, room_2, room_3, room_4, room_5, room_6,
          room_7, room_8, room_9, room_10, room_11, room_12, room_13, room_14,
          room_15, room_16, room_17, room_18, room_19, room_20, room_21,
          room_22, room_23, room_24, room_25, room_26, room_27]

Skill      XL: |  1 |
---------------+----+-----
Invocations    | 1 |  1.3
Armour         | 1 |  1.0
Fighting       | |  3.9
Polearms       | |  3.5
Dodging        | |  2.4
Stealth        | |  1.5
Evocations     | |  0.9

Action                     || total
---------------------------++-------
  Melee: Scythe            ||     3
 Invoke: Ancestor Life: Kn ||     1
         Ancestor Identity ||     1
  Dodge: Dodged            ||     1

Table legend: (Time is in decaauts)
 A = Elapsed time spent in this place.
 B = Non-inter-level travel time spent in this place.
 C = Inter-level travel time spent in this place.
 D = Time resting spent in this place.
 E = Time spent auto-exploring this place.
 F = Levels seen in this place.
 G = Mean time per level.
                   A        B        C        D        E       F      G
               +--------+--------+--------+--------+--------+-----+--------+
         Total |    105 |     89 |     16 |      0 |     21 |   1 |  105.0 |
       Dungeon |    105 |     89 |     16 |      0 |     21 |   1 |  105.0 |
               +--------+--------+--------+--------+--------+-----+--------+

Top non-repeatable levels by time:
       D: 105 daAuts
